 Dungeon Crawl Stone Soup version 0.24.0-123-gd5b16e6ec5 (webtiles) character file.

Game seed: 3208198002601019993, levelgen mode: deterministic

513 mopl the Covert (level 7, -2/53 HPs)
             Began as a Vampire Assassin on Feb 1, 2020.
             Shot with an arrow by a centaur (5 damage)
             ... on level 5 of the Dungeon.
             The game lasted 00:05:59 (3754 turns).

mopl the Covert (Vampire Assassin)                  Turns: 3754, Time: 00:06:00

Health: -2/53      AC:  7    Str: 10    XL:     7   Next: 0%
Magic:  16/16      EV: 12    Int: 13    God:
Gold:   182        SH:  0    Dex: 18    Spells: 6/6 levels left

rFire    . . .     SeeInvis +   a - +2 dagger
rCold    . . .     Gourm    .   (no shield)
rNeg     . . .     Faith    .   b - +0 robe
rPois    +         Spirit   .   (no helmet)
rElec    .         Reflect  .   c - +0 cloak
rCorr    .         Harm     .   s - +2 pair of gloves
MR       .....                  i - +0 pair of boots
Stlth    ++++......             (no amulet)
HPRegen  0.37/turn              j - ring of poison resistance
MPRegen  0.15/turn              u - ring of magical power

@: regenerating quickly
A: no food, fangs 3, see invisible, unbreathing
a: Exsanguinate


You were on level 5 of the Dungeon.
You were alive.

You visited 2 branches of the dungeon, and saw 6 of its levels.

You collected 182 gold pieces.

Inventory:

Hand Weapons
 a - a +2 dagger (weapon)
Missiles
 d - 17 poisoned darts (quivered)
 e - 4 boomerangs
 l - a throwing net
Armour
 b - a +0 robe (worn)
 c - a +0 cloak (worn)
 i - a +0 pair of boots (worn)
 s - a +2 pair of gloves (worn)
Jewellery
 j - a ring of poison resistance (left hand)
 k - an uncursed ring of resist corrosion
 u - a ring of magical power (right hand)
Wands
 t - a wand of polymorph (8)
Scrolls
 f - 2 scrolls of fog {unknown}
 g - 2 scrolls of teleportation
 h - 4 scrolls of identify
 m - 5 scrolls of random uselessness {unknown}
 o - 2 scrolls of remove curse {unknown}
 q - a scroll of immolation {unknown}
Potions
 n - 2 potions of curing
 p - a potion of brilliance
 v - a potion of mutation {unknown}
 w - a potion of heal wounds {unknown}


   Skills:
 + Level 3.7 Fighting
 + Level 4.5 Short Blades
 + Level 3.3 Throwing
 - Level 1.1 Dodging
 + Level 8.2 Stealth


You had 6 spell levels left.
You didn't know any spells.
Your spell library was empty.

Dungeon Overview and Level Annotations

Branches:
Dungeon (5/15)             Temple (1/1) D:4

Altars:
Ashenzari
Cheibriados
Dithmenos
Fedhas
Gozag
Qazlal
Trog
Wu Jian
Zin
The Shining One

Annotations:
D:4 trianova's ghost, amateur NaIE


Innate Abilities, Weirdness & Mutations

You do not eat.
Your natural rate of healing is unusually fast.
You have razor-sharp teeth.
You have supernaturally acute eyesight. (SInv)
You can survive without breathing.


Message History

Throwing (i - inventory. (/) - cycle)
d - 19 poisoned darts (quivered)
Press: ? - help, Shift-Dir - straight line, f/p - centaur
Aim: a centaur, wielding a +0 shortbow (lightly wounded, poisoned)
You throw a poisoned dart. The poisoned dart hits the hound!
The hound looks even sicker.
The hound is severely wounded.
The hound bites you.
* * * LOW HITPOINT WARNING * * *
Unknown command.
Throwing (i - inventory. (/) - cycle)
d - 18 poisoned darts (quivered)
Press: ? - help, Shift-Dir - straight line, f/p - centaur
Aim: a centaur, wielding a +0 shortbow (lightly wounded, poisoned)
You throw a poisoned dart. The poisoned dart hits the hound.
The hound looks as sick as possible!
The hound is severely wounded.
You kill the hound!
You have reached level 7!
The centaur shoots an arrow.
The arrow closely misses you.
The centaur shoots an arrow.
The arrow hits you.
You die...

.#.......... ...
...........##....
.....!?....#....
.........(..#..
#.....c.....#.
#.............
#(...........#
#(<........#
##@..........#
#(.........>..
#.........##..
#.........# #
#.........#
#.........#
.........##
###....$## ##.###


You could see a centaur.

Vanquished Creatures
  An ogre (D:4)
  3 hounds
  3 orc wizards (D:4)
  An orc priest (D:3)
  A centaur skeleton (D:3)
  Natasha (thrice) (D:2)
  A worker ant (D:5)
  3 adders
  2 worms
  A dart slug (D:1)
  2 leopard geckos (D:4)
  5 orcs
  8 bats
  A giant cockroach (D:3)
  5 goblins
  8 hobgoblins
  2 jackals
  9 kobolds
  4 quokkas
  2 frilled lizards (D:1)
  10 rats
75 creatures vanquished.

Notes
Turn   | Place    | Note
-------+----------+-------------------------------------------
     0 | D:1      | mopl the Vampire Assassin began the quest for the Orb.
     0 | D:1      | Reached XP level 1. HP: 16/16 MP: 1/1
    71 | D:1      | Reached skill level 6 in Stealth
   149 | D:1      | Reached XP level 2. HP: 15/17 MP: 2/2
   547 | D:2      | Reached XP level 3. HP: 3/21 MP: 3/3
  1056 | D:2      | Noticed Natasha
  1064 | D:2      | Killed Natasha
  1103 | D:2      | Reached XP level 4. HP: 30/30 MP: 4/4
  1386 | D:2      | Found a bloodstained altar of Trog.
  1390 | D:2      | Noticed Natasha
  1408 | D:2      | Killed Natasha
  1619 | D:2      | Noticed Natasha
  1631 | D:2      | Killed Natasha
  1686 | D:3      | Reached XP level 5. HP: 32/35 MP: 5/5
  1728 | D:3      | Reached skill level 7 in Stealth
  1735 | D:3      | HP: 1/36 [orc/boomerang (2)]
  2366 | D:3      | Found a faded altar of an unknown god.
  2710 | D:4      | Reached XP level 6. HP: 36/47 MP: 6/6
  2966 | D:4      | Reached skill level 8 in Stealth
  3138 | D:4      | Found a large runed translucent door.
  3138 | D:4      | Found a large runed translucent door.
  3139 | D:4      | Noticed trianova's ghost (amateur NaIE)
  3290 | D:4      | Found a staircase to the Ecumenical Temple.
  3297 | Temple   | Entered the Ecumenical Temple
  3424 | D:5      | Entered Level 5 of the Dungeon
  3752 | D:5      | HP: 2/47 [hound (2)]
  3753 | D:5      | Reached XP level 7. HP: 3/53 MP: 7/7
  3754 | D:5      | Shot with an arrow by a centaur

Levels and vault maps discovered:
D:1:      lightli_arrival_lavapool, layout_basic, hangedman_abyss_or_decor_stabs
D:2:      cheibrodos_old_hovel, layout_loops_ring, overflow_temple_1_default,
          first_ration, minmay_split_cup_small, uniq_natasha
D:3:      layout_basic, chequers_ecumenical_altar_simple
D:4:      layout_loops_corners, ebering_ghost_disaster_area, minmay_ruptured
D:5:      layout_rooms, yredelemnul_altar_generic,
          hellmonk_ghost_happy_afterlife, minivault_19
Temple:   compressed_dpeg_triangle_lava_temple

Skill      XL: |  1  2  3  4  5  6 |
---------------+-------------------+-----
Stealth        | 6 7 8 |  8.2
Fighting       | 2 3 |  3.7
Throwing       | 2 3 |  3.3
Short Blades   | 3 4 |  4.5
Dodging        | |  1.1

Action                   |  1- 3 |  4- 6 |  7- 9 || total
-------------------------+-------+-------+-------++-------
Melee: Dagger            |   104 |   180 |       ||   284
       Bite              |     3 |    12 |       ||    15
Throw: Dart              |       |    25 |       ||    25
 Abil: Exsanguinate      |     1 |       |       ||     1
       Bat Form          |     1 |       |       ||     1
       Revivify          |     1 |       |       ||     1
  Use: Scroll            |       |     3 |       ||     3
 Stab: Sleeping          |    18 |     5 |       ||    23
       Distracted        |       |     2 |       ||     2
Armor: Robe              |    32 |    37 |       ||    69
Dodge: Dodged            |    64 |    97 |     1 ||   162
